 Dungeon Crawl Stone Soup version 0.29-a0-664-gff9cad4a3d (webtiles) character file.

Game seed: 2398251520446879052

84 DocClef the Changer (level 4, -2/28 HPs)
             Began as an Octopode Transmuter on June 22, 2022.
             Slain by an iguana (3 damage)
             ... on level 3 of the Dungeon.
             The game lasted 00:02:03 (3054 turns).

DocClef the Changer (Octopode Transmuter)           Turns: 3054, Time: 00:02:04

Health: -2/28      AC:  1    Str:  9    XL:     4   Next: 45%
Magic:  6/7        EV: 13    Int: 17    God:
Gold:   119        SH:  0    Dex: 12    Spells: 6/7 levels left

rFire   . . .      SeeInvis .   b - +2 short sword (flame)
rCold   . . .      Faith    .   (no shield)
rNeg    . . .      Spirit   .   (helmet restricted)
rPois   .          Reflect  .   (no amulet)
rElec   .          Harm     .   (no ring)
rCorr   .          Rampage  .   (no ring)
Will    .....                   (no ring)
Stlth   ++........              (no ring)
HPRegen 0.09/turn               (no ring)
MPRegen 0.10/turn               (no ring)
                                (no ring)
                                (no ring)

@: very slightly contaminated
A: almost no armour, amphibious, 8 rings, camouflage 1, gelatinous body 1,
(nimble swimmer 1), tentacles
a: no special abilities


You were on level 3 of the Dungeon.
You visited 1 branch of the dungeon, and saw 3 of its levels.

You collected 119 gold pieces.

Inventory:

Hand Weapons
 b - a +2 short sword of flaming (weapon)
Jewellery
 f - a ring of see invisible
Scrolls
 c - a scroll of vulnerability {unknown}
 d - a scroll of torment {unknown}
 e - a scroll of immolation {unknown}
 g - a scroll of summoning {unknown}
 h - a scroll of teleportation {unknown}
Potions
 a - a potion of lignification


   Skills:
 - Level 1.0 Fighting
 - Level 2.0 Dodging
 - Level 3.0 Unarmed Combat
 - Level 2.0 Spellcasting
 + Level 4.5 Transmutations


You had 6 spell levels left.
You knew the following spells:

 Your Spells              Type           Power      Damage    Failure   Level
a - Beastly Appendage     Tmut           34%        N/A       3%          1

Your spell library contained the following spells:

 Spells                   Type           Power      Damage    Failure   Level
 Wereblood                Tmut           17%        N/A       4%          2
 Spider Form              Tmut/Pois      9%         N/A       22%         3
 Poisonous Vapours        Pois/Air       2%         N/A       28%         2
 Ice Form                 Ice/Tmut       9%         N/A       58%         4
 Corpse Rot               Necr/Pois/Air  1%         N/A       88%         4


Dungeon Overview and Level Annotations

Branches:
Dungeon (3/15)

Altars:
Nemelex Xobeh

Shops:
D:2 *


Innate Abilities, Weirdness & Mutations

You cannot wear most types of armour.
You are amphibious.
You can wear up to eight rings at the same time.
Your skin changes colour to match your surroundings (Stealth+).
Your rubbery body absorbs attacks. (AC +1, EV +1)
((You are camouflaged when in or above water. (Stealth+)))
You have tentacles for arms and can constrict up to eight enemies at once.


Message History

The orc hits you with a +0 dagger.
You hit the orc. You burn the orc. You grab the orc.
The orc is severely wounded.
You constrict the orc. The orc closely misses you.
You hit the orc. You burn the orc.
You kill the orc!
A ball python comes into view.
The orc hits you with a +0 whip.
You completely miss the orc. You grab the orc. You constrict the orc.
The orc barely misses you.
You hit the orc. You burn the orc.
You kill the orc!
You hit the orc. You burn the orc.
You kill the orc!
An iguana comes into view.
You closely miss the ball python. You grab the ball python.
You constrict the ball python. The ball python bites you.
The ball python completely misses you.
You hit the ball python. You burn the ball python.
You kill the ball python!
Items here: ))) †.
The iguana barely misses you.
You barely miss the iguana. You grab the iguana.
You constrict the iguana, but do no damage.
The iguana bites you!
You are too injured to fight recklessly!
You are too injured to fight recklessly!
Casting: Beastly Appendage (safe; 3% risk of failure)
Confirm with . or Enter, or press ? or * to list all spells.
You miscast Beastly Appendage.
You are very lightly contaminated with residual magic.
Nothing appears to happen.
You constrict the iguana, but do no damage.
The iguana bites you!
* * * LOW HITPOINT WARNING * * *
You hit the iguana but do no damage. You squeeze the iguana.
The iguana is heavily wounded.
You constrict the iguana, but do no damage.
The iguana bites you.
You die...

##..... #####......
#.......... #.###..[...
#.##...>... #.##.##.#..
#.##.#.###.
#..##########.##.##.#..
#....l@).........###.#.
........####...########.
####§##.# #............
#§ #.# #..########.# #
#.# #..# #.# #.# #..#
#.# #.# #..# #.# #.#
#..# #.# #..# #..


You could see an iguana.

Vanquished Creatures
  Ijyb (D:3)
  An adder (D:2)
  2 worms (D:2)
  3 orcs (D:3)
  7 ball pythons
  5 endoplasms
  2 giant cockroaches
  3 goblins
  A hobgoblin (D:2)
  3 kobolds
  3 quokkas
  A bat (D:2)
  A frilled lizard (D:1)
  6 rats
39 creatures vanquished.

Vanquished Creatures (others)
  A plant (D:2)
1 creature vanquished.

Grand Total: 40 creatures vanquished

Notes
Turn   | Place    | Note
-------+----------+-------------------------------------------
     0 | D:1      | DocClef the Octopode Transmuter began the quest for the
                  | Orb.
     0 | D:1      | Reached XP level 1. HP: 13/13 MP: 3/3
    88 | D:1      | Found a faded altar of an unknown god.
   469 | D:1      | Reached XP level 2. HP: 16/18 MP: 5/5
  1042 | D:1      | Reached skill level 3 in Transmutations
  1194 | D:2      | Reached XP level 3. HP: 3/23 MP: 6/6
  1587 | D:2      | Found Orghumacw's Assorted Antiques.
  1689 | D:2      | Found a sparkling altar of Nemelex Xobeh.
  2472 | D:2      | Reached skill level 4 in Transmutations
  2925 | D:3      | Noticed Ijyb
  2934 | D:3      | Killed Ijyb
  2935 | D:3      | Reached XP level 4. HP: 20/28 MP: 7/7
  3053 | D:3      | HP: 1/28 [iguana (10)]
  3054 | D:3      | Slain by an iguana

Illustrated notes

Levels and vault maps discovered:
D:1:      dpeg_arrival_water_fire, layout_basic, ebering_ecumenical_altar_webs
D:2:      layout_basic, serial_shops, nicolae_shop_overgrown_old_shop,
          serial_curves, eino_curves_03, eino_curves_02, basic_altar,
          chequers_serial_rivers_micro_e
D:3:      minmay_goblin_kobold_castle, layout_loops_ring, minivault_11,
          amcnicky_mini_rare_corridor_liquid, uniq_ijyb, uniq_sigmund

Skill      XL: |  1  2  3 |
---------------+----------+-----
Transmutations | 3 4 |  4.5
Fighting       | |  1.0
Dodging        | |  2.0
Unarmed Combat | |  3.0
Spellcasting   | |  2.0

Action                   |  1- 3 |  4- 6 || total
-------------------------+-------+-------++-------
Melee: Unarmed           |    10 |       ||    10
       Constrict         |    12 |     4 ||    16
       Tentacles         |    12 |     1 ||    13
       Kick              |     1 |       ||     1
       Short sword       |    60 |    10 ||    70
       Punch             |     2 |       ||     2
 Cast: Beastly Appendage |     3 |       ||     3
 Stab: Sleeping          |    13 |       ||    13
Armor: Skin              |     2 |       ||     2
Dodge: Dodged            |    25 |     5 ||    30

Table legend: (Time is in decaauts)
 A = Elapsed time spent in this place.
 B = Non-inter-level travel time spent in this place.
 C = Inter-level travel time spent in this place.
 D = Time resting spent in this place.
 E = Time spent auto-exploring this place.
 F = Levels seen in this place.
 G = Mean time per level.
                   A        B        C        D        E       F      G
               +--------+--------+--------+--------+--------+-----+--------+
         Total |   3059 |   2954 |    105 |    279 |   2389 |   3 | 1019.7 |
       Dungeon |   3059 |   2954 |    105 |    279 |   2389 |   3 | 1019.7 |
               +--------+--------+--------+--------+--------+-----+--------+

Top non-repeatable levels by time:
     D:2: 1679 daAuts
     D:1: 1173 daAuts
     D:3: 207 daAuts
